 Dungeon Crawl Stone Soup version 0.21-a0-142-gdd972a7 (webtiles) character file.

1 drasked the Magician (level 1, 0/13 HPs)
             Began as a Mummy Wizard on July 22, 2017.
             Killed from afar by a dart slug (4 damage)
             ... with a slug dart
             ... on level 1 of the Dungeon.
             The game lasted 00:00:51 (121 turns).

drasked the Magician (Mummy Wizard)                  Turns: 121, Time: 00:00:52

Health: 0/13       AC:  2    Str: 10    XL:     1   Next: 16%
Magic:  0/5        EV: 12    Int: 17    God:
Gold:   11         SH:  0    Dex: 10    Spells: 7/8 levels left

rFire    x . .     SeeInvis .   (no weapon)
rCold    + . .     Gourm    .   (no shield)
rNeg     + + +     Faith    .   a - +0 robe
rPois    ∞         Spirit   .   b - +0 hat
rElec    .         Reflect  .   (no cloak)
rCorr    .         Harm     .   (no gloves)
MR       .....                  (no boots)
Stlth    ++........             (no amulet)
HPRegen  0.04/turn              (no ring)
MPRegen  0.09/turn              (no ring)

@: very slightly contaminated
A: no food or potions, fire vulnerability, cold resistance 1, negative energy
resistance 3, torment resistance, unbreathing
a: no special abilities


You were on level 1 of the Dungeon.
You were not hungry.

You visited 1 branch of the dungeon, and saw 1 of its levels.

You collected 11 gold pieces.

Inventory:

Armour
 a - a +0 robe (worn)
 b - a +0 hat (worn)
Scrolls
 d - a scroll of teleportation {unknown}
Books
 c - a book of Minor Magic


   Skills:
 - Level 1.5 Dodging
 - Level 1.5 Stealth
 - Level 4.0 Spellcasting
 + Level 1.0 Conjurations
   Level 0.7 Summonings
   Level 0.7 Translocations


You had 7 spell levels left.
You knew the following spells:

 Your Spells              Type           Power        Failure   Level  Hunger
a - Magic Dart            Conj           #...         11%         1    N/A

Dungeon Overview and Level Annotations

Branches:
Dungeon (1/15)

Altars:


Innate Abilities, Weirdness & Mutations

You do not eat or drink.
Your flesh is vulnerable to fire.
You are immune to poison.
Your flesh is cold resistant. (rC+)
You are immune to negative energy. (rN+++)
You are immune to unholy pain and torment.
You can survive without breathing.


Message History

Welcome, drasked the Mummy Wizard.
It is said that the Orb of Zot exists deep within this dungeon.
Found a staircase leading out of the dungeon.
Okay, then.
You open the door.
There is an open door here.
Found a stone staircase leading down.
You now have 11 gold pieces.
A frilled lizard and a bat come into view.
The frilled lizard hisses angrily.
Aim: a frilled lizard The magic dart hits the frilled lizard.
You kill the frilled lizard!
You now have 4/5 mp.
Aim: a bat The magic dart hits the bat.
You now have 3/5 mp.
Aim: a bat (moderately wounded)
The magic dart hits the bat.
The bat barely misses you.
You now have 2/5 mp.
Aim: a bat (moderately wounded)
The magic dart hits the bat.
The bat hits you.
You take 1 damage, and have 12/13 hp.
You now have 1/5 mp.
Aim: a bat (moderately wounded)
The magic dart hits the bat.
You kill the bat!
Your Conjurations skill increases to level 1!
You now have 0/5 mp.
You start resting.
Health restored: 13; MP restored: 5 You see here a leather armour.
d - a scroll labeled IGASKYCESO A hobgoblin comes into view.
It is wielding a club.
Aim: a hobgoblin, wielding a club (resting)
The magic dart hits the hobgoblin.
The hobgoblin shouts!
You now have 4/5 mp.
Aim: a hobgoblin, wielding a club The magic dart hits the hobgoblin.
You now have 3/5 mp.
Aim: a hobgoblin, wielding a club You miscast Magic Dart.
You are very lightly contaminated with residual magic.
Nothing appears to happen.
A dart slug comes into view.
You now have 2/5 mp.
Aim: a hobgoblin, wielding a club The magic dart hits the hobgoblin.
You now have 1/5 mp.
The hobgoblin closely misses you.
You open the door. The hobgoblin closely misses you.
There is an open door here.
The hobgoblin closely misses you.
Aim: a hobgoblin, wielding a club The magic dart hits the hobgoblin.
The hobgoblin hits you with a club.
You take 4 damage, and have 9/13 hp.
MASSIVE DAMAGE!!
You now have 1/5 mp.
Aim: a hobgoblin, wielding a club (heavily wounded)
The magic dart hits the hobgoblin.
The hobgoblin hits you with a club.
You take 4 damage, and have 5/13 hp.
MASSIVE DAMAGE!!
You now have 0/5 mp.
You barely miss the hobgoblin. The hobgoblin misses you.
You barely miss the hobgoblin. The hobgoblin closely misses you.
Aim: a hobgoblin, wielding a club (heavily wounded)
You miscast Magic Dart.
Wisps of smoke drift from your hands.
The hobgoblin hits you but does no damage.
You now have 0/5 mp.
You closely miss the hobgoblin. The hobgoblin barely misses you.
You closely miss the hobgoblin. The hobgoblin barely misses you.
You hit the hobgoblin but do no damage. The hobgoblin barely misses you.
You barely miss the hobgoblin. The hobgoblin completely misses you.
The dart slug bites you.
You take 1 damage, and have 4/13 hp.
You hit the hobgoblin but do no damage. You barely miss the hobgoblin.
The hobgoblin closely misses you. The dart slug launches a dart at you.
The slug dart hits you!
You die...

##...........#
#####'#####.# ####### .
#.........#.######...>.#..
#.........#..............#
#..⌠...⌠..#..###.........#
#.........#..# #.........#
+....<....'..###...(.....#
#.......wg#...##.........#
#..⌠...⌠.@#.#............#
#.........#.##...........#
#.........#...†[..........
#####+#####...##w.........
..................
..................#
.!......##.......!.
........ ##.......#
........ ......$...


You could see a dart slug and a hobgoblin.

Vanquished Creatures
  A bat (D:1)
  A frilled lizard (D:1)
2 creatures vanquished.

Notes
Turn   | Place    | Note
-------+----------+-------------------------------------------
     0 | D:1      | drasked the Mummy Wizard began the quest for the Orb.
     0 | D:1      | Reached XP level 1. HP: 13/13 MP: 5/5
    34 | D:1      | Reached skill level 1 in Conjurations
   121 | D:1      | Killed from afar by a dart slug

Vault maps used:
D:1:      mushboom_english_gardens

Skill      XL: |  1 |
---------------+----+-----
Conjurations   | 1 |  1.0
Dodging        | |  1.5
Stealth        | |  1.5
Spellcasting   | |  4.0
Summonings     | |  0.7
Translocations | |  0.7

Action                   || total
-------------------------++-------
Melee: Unarmed           ||     8
 Cast: Magic Dart        ||    10
Dodge: Dodged            ||    11

Vault maps used:
D:1:      mushboom_english_gardens

Table legend:
 A = Turns spent in this place as a percentage of turns spent in the entire game.
 B = Non-inter-level travel turns spent in this place as a percentage of non-inter-level travel turns spent in the entire game.
 C = Inter-level travel turns spent in this place as a percentage of turns spent in this place.
 D = Turns resting spent in this place as a percentage of non-inter-level travel turns spent in this place.
 E = Turns spent auto-exploring this place as a percentage of non-inter-level travel turns spent in this place.
 F = Non-inter-level travel turns spent in this place divided by the number of levels of this place that you've seen.
                   A       B       C       D       E      F
               +-------+-------+-------+-------+-------+----------------------
         Total | 100.0 | 100.0 |   0.0 |   4.2 |   8.3 |  48.0
       Dungeon | 100.0 | 100.0 |   0.0 |   4.2 |   8.3 |  48.0
               +-------+-------+-------+-------+-------+----------------------

Table legend:
 A = Kills in this place as a percentage of kills in entire the game.
 B = Kills by you in this place as a percentage of kills by you in the entire game.
 C = Kills by friends in this place as a percentage of kills by friends in the entire game.
 D = Other kills in this place as a percentage of other kills in the entire game.
 E = Experience gained in this place as a percentage of experience gained in the entire game.
 F = Experience gained in this place divided by the number of levels of this place that you have seen.
                   A       B       C       D       E      F
               +-------+-------+-------+-------+-------+----------------------
         Total | 100.0 | 100.0 |  -nan |  -nan | 100.0 |   2.0
       Dungeon | 100.0 | 100.0 |  -nan |  -nan | 100.0 |   2.0
               +-------+-------+-------+-------+-------+----------------------
